 Dungeon Crawl Stone Soup version 0.24-a0-365-ga4d96b6e6e (webtiles) character file.

Game seed: 2882348220497034365

290348 mopl the Brawler (level 20, -16/174 HPs)
             Began as a Minotaur Transmuter on May 24, 2019.
             Was a High Priest of Cheibriados.
             Killed from afar by Mara (illusionary) (44 damage)
             ... with a bolt of fire
             ... on level 4 of the Shoals on May 27, 2019.
             The game lasted 02:15:40 (30476 turns).

mopl the Brawler (Minotaur Transmuter)             Turns: 30476, Time: 02:15:42

Health: -16/174    AC: 13    Str: 39    XL:     20   Next: 28%
Magic:  16/37      EV: 26    Int: 25    God:    Cheibriados [*****.]
Gold:   1290       SH:  0    Dex: 24    Spells: 3/27 levels left

rFire    . . .     SeeInvis .     - Unarmed
rCold    + . .     Gourm    .   (shield currently unavailable)
rNeg     + . .     Faith    .   X - +3 troll leather armour {Snorg}
rPois    +         Spirit   .   Q - +2 hat of the Will of the Gods {rPois Str+4}
rElec    .         Reflect  .   M - +2 cloak {+Inv}
rCorr    .         Harm     .   (gloves currently unavailable)
MR       +....                  (no boots)
Stlth    ++++......             l - amulet of the acrobat
HPRegen  0.79/turn              B - ring of magical power
MPRegen  0.25/turn              k - ring of the Queen {+Fly rC+ rN+}

@: lethally poisoned (-16 -> -17), blade hands (expiring), flying, very slow
A: retaliatory headbutt, horns 2
}: 1/15 runes: gossamer
a: End Transformation, Bend Time, Temporal Distortion, Slouch, Step From Time,
Renounce Religion, Evoke Invisibility, Stop Flying


You were on level 4 of the Shoals.
You worshipped Cheibriados.
Cheibriados was extremely pleased with you.
You were very hungry.
You had blades for hands.
You visited 6 branches of the dungeon, and saw 32 of its levels.

You collected 3244 gold pieces.
You spent 1954 gold pieces at shops.

Inventory:

Hand Weapons
 b - a +1 hunting sling of velocity
Missiles
 a - 788 arrows
 c - 32 boomerangs (quivered)
 i - 948 stones
 o - 588 sling bullets
 p - 9 throwing nets
 r - 2 boomerangs of dispersal
 w - 35 poisoned darts
 F - 9 curare-tipped darts
 J - 28 silver javelins
 V - 7 atropa-tipped darts
Armour
 A - a +0 pair of gloves (melded)
 D - a cursed +0 shield of reflection (melded)
 M - a +2 cloak of invisibility (worn)
 Q - the +2 hat of the Will of the Gods (worn) {rPois Str+4}
   (You acquired it on level 4 of the Spider Nest)

   It affects your strength (+4).
   It protects you from poison.
 S - a +0 ring mail of fire resistance
 X - a +3 troll leather armour (worn) {Snorg}
Jewellery
 k - the ring of the Queen (right scythe-like blade) {+Fly rC+ rN+}
   (You bought it in a shop on level 2 of the Orcish Mines)

   [ring of protection from cold]

   It protects you from cold.
   It protects you from negative energy.
   It lets you fly.
 l - an amulet of the acrobat (around neck)
 B - a ring of magical power (left scythe-like blade)
 H - an uncursed ring of see invisible
Wands
 q - a wand of polymorph (5)
 C - a wand of enslavement (3)
 E - a wand of disintegration (20)
 G - a wand of scattershot (5)
 P - a wand of paralysis (14)
 T - a wand of digging (4)
 U - a wand of clouds (2)
 W - a wand of iceblast (5)
 Y - a wand of acid (19)
Scrolls
 g - 9 scrolls of remove curse
 j - 6 scrolls of fear
 v - 14 scrolls of teleportation
 x - 3 scrolls of blinking
 y - 5 scrolls of identify
 z - a scroll of vulnerability
 K - 8 scrolls of fog
 O - 5 scrolls of magic mapping
 R - 3 scrolls of summoning
Potions
 e - 8 potions of heal wounds
 f - 14 potions of curing
 h - 4 potions of lignification {!q}
 m - 2 potions of invisibility
 n - 2 potions of ambrosia
 s - 5 potions of might
 t - 4 potions of flight
 u - 4 potions of magic
 I - 3 potions of agility
 L - 4 potions of brilliance
 N - 2 potions of cancellation
Comestibles
 d - 42 rations
 Z - 9 chunks of flesh


   Skills:
 + Level 14.1 Fighting
 + Level 13.1 Throwing
 - Level 5.0 Armour
 - Level 14.1 Dodging
 + Level 7.5 Stealth
 * Level 11.1 Shields
 + Level 15.8 Unarmed Combat
 - Level 4.0 Spellcasting
 - Level 8.0 Transmutations
 - Level 2.0 Ice Magic
 - Level 1.0 Poison Magic
 - Level 13.0 Invocations
 + Level 7.6 Evocations


You had 3 spell levels left.
You knew the following spells:

 Your Spells              Type           Power        Failure   Level  Hunger
a - Irradiate             Conj/Tmut      ####......   85%         5    #####..
b - Spider Form           Tmut/Pois      ####......   32%         3    ##.....
c - Blade Hands           Tmut           #####.....   45%         5    #####..
d - Ice Form              Ice/Tmut       ####....     50%         4    ####...
f - Portal Projectile     Hex/Tloc       #.....       71%         3    ##.....
p - Passwall              Tmut/Erth      ####....     24%         2    None
w - Sticks to Snakes      Tmut           #####...     12%         2    None

Your spell library contained the following spells:

 Spells                   Type           Power        Failure   Level  Hunger
 Beastly Appendage        Tmut           #####.       11%         1    None
 Ignite Poison            Fire/Tmut/Pois ###.....     43%         3    ##.....
 Confusing Touch          Hex            #.....       45%         1    None
 Corona                   Hex            #......      45%         1    None
 Sandblast                Erth           #.....       45%         1    None
 Poisonous Vapours        Pois/Air       #.....       50%         2    None
 Slow                     Hex            #.......     54%         2    None
 Sublimation of Blood     Necr           #.........   54%         2    None
 Mephitic Cloud           Conj/Pois/Air  #.......     69%         3    ##.....
 Confuse                  Hex            #.......     71%         3    ##.....
 Conjure Flame            Conj/Fire      #.......     71%         3    ##.....
 Gell's Gravitas          Tloc           #.........   71%         3    ##.....
 Inner Flame              Hex/Fire       #.......     71%         3    ##.....
 Stone Arrow              Conj/Erth      #.....       71%         3    ##.....
 Petrify                  Tmut/Erth      ####....     61%         4    ####...
 Alistair's Intoxication  Tmut/Pois      ####....     80%         5    #####..
 Yara's Violent Unravell  Hex/Tmut       ####......   85%         5    #####..
 Cause Fear               Hex            #.........   95%         4    ####...
 Leda's Liquefaction      Hex/Erth       #.........   95%         4    ####...
 Lee's Rapid Deconstruct  Erth           #.........   99%         5    #####..
 Metabolic Englaciation   Hex/Ice        ##........   99%         5    #####..
 Freezing Cloud           Conj/Ice/Air   #.........   100%        6    #######
 Ring of Flames           Chrm/Fire      #.........   100%        7    #######


Dungeon Overview and Level Annotations

Branches:
Dungeon (15/15)            Temple (0/1) D:6            Lair (6/6) D:11
 Shoals (4/4) Lair:4       Spider (4/4) Lair:4        Slime (0/5) Lair:5
    Orc (2/2) D:10            Elf (1/3) Orc:2        Vaults (0/5) D:14
 Depths (0/5) D:15

Altars:
Ashenzari
Cheibriados
Gozag
Kikubaaqudgha
Okawaru
Ru
Sif Muna
Trog
Uskayaw
Wu Jian
Zin
The Shining One
Beogh

Shops:
D:7 (   D:12 *   D:14 !   Orc:2 =%(**   Shoals:1 *   Shoals:3 [}[

Annotations:
D:12 3 runed translucent doors, Chiseanne's ghost, novice DDSu
Lair:5 3 runed translucent doors, Lanoc's ghost, journeyman TrBe
Lair:6 exclusion: oklob plant
Shoals:3 fly
Shoals:4 Mara


Innate Abilities, Weirdness & Mutations

You reflexively headbutt those who attack you in melee.
You have a pair of horns on your head.


Message History

You feel sick. Mara completely misses you. You furiously retaliate!
You headbutt Mara! Mara completely misses you.
Unknown command.
Unknown command.
Unknown command.
You can feel time thicken for a moment.
You feel somewhat more hungry.
Cheibriados lowers the support of your attributes as your movement quickens.
Your transformation is almost over.
You feel sick. Mara gestures at you. Pain shoots through your body!
* * * LOW HITPOINT WARNING * * *
Mara completely misses you.
You can feel time thicken for a moment.
You are feeling very hungry.
Cheibriados lowers the support of your attributes as your movement quickens.
You feel sick. Mara gestures at you. The bolt of fire hits you!!!
You die...

≈≈≈≈≈≈≈≈≈≈≈≈≈≈≈≈≈≈≈≈≈≈
≈≈≈≈≈≈≈≈≈≈≈≈≈≈≈≈≈≈≈≈≈≈≈≈
≈≈≈≈≈≈≈≈≈≈≈≈≈≈≈≈≈≈≈≈≈≈≈≈≈
≈≈≈≈≈≈≈≈≈≈≈≈≈≈≈≈≈≈≈≈≈≈≈≈≈
≈≈≈≈≈≈≈≈≈P≈≈≈≈≈≈≈≈≈≈≈≈≈≈#
≈≈≈≈≈≈PP≈PPP≈≈≈≈≈≈≈≈≈≈≈≈#
≈≈≈≈≈≈PP≈≈≈≈≈≈≈≈≈≈≈≈≈≈≈≈#
≈≈≈≈≈≈PRPR#####≈≈≈≈≈≈≈≈≈≈
≈≈≈≈≈≈PP@≈# ###≈≈≈≈≈≈≈≈
≈≈≈≈≈≈PR### ##≈≈≈≈≈≈≈
≈≈≈≈≈≈≈≈≈# #≈≈≈≈≈≈≈
≈≈≈≈≈≈P≈≈# ##...≈≈≈
≈≈≈≈≈≈P.## #.....≈≈
≈≈≈≈≈P≈)# ##....≈≈
≈≈≈≈≈≈..≈ ##....≈≈
≈≈≈≈≈≈..# ##≈...÷≈≈
≈≈≈≈≈≈.P.. #####......≈≈


You could see 3 Maras.

Vanquished Creatures
  Arachne (Spider:4)
  Gastronok (Lair:2)
  A kraken (Shoals:1)
  Donald (Shoals:1)
  4 ghost moths
  Louise (Spider:2)
  6 emperor scorpions
  An orc warlord (Orc:2)
  4 entropy weavers
  4 spark wasps
  2 merfolk javelineers (Shoals:1)
  Josephine (D:12)
  3 merfolk impalers
  A yaktaur captain (D:14)
  Erolcha (D:10)
  Harold (D:8)
  An ice dragon (D:14)
  4 hydras
  2 merfolk aquamancers (Shoals:3)
  7 centaur warriors
  4 merfolk avatars
  3 ogre magi
  11 two-headed ogres
  12 death yaks
  2 tengu warriors (D:13)
  A satyr (Shoals:3)
  Sonja (D:10)
  2 skeletal warriors
  6 sea snakes
  2 deep trolls (Orc:2)
  2 unseen horrors
  A flayed ghost (D:14)
  16 harpies
  A necromancer (D:15)
  A phantasmal warrior (D:15)
  29 wolf spiders
  A manticore (shapeshifter) (D:14)
  5 moths of wrath
  A frost giant zombie (D:15)
  20 orb spiders
  18 fauns
  4 oklob plants (Lair:6)
  3 deep elf magi (Elf:1)
  13 cyclopes
  8 black mambas
  13 manticores
  3 water nymphs
  7 merfolk sirens
  Maurice (D:11)
  6 elephants (Lair:6)
  15 ugly things
  3 centaur zombies
  7 torpor snails
  A guardian serpent (shapeshifter) (D:14)
  Joseph (D:10)
  8 spiny frogs
  3 centaur skeletons
  An eye of devastation (Lair:5)
  A gargoyle (D:11)
  10 komodo dragons
  A freezing wraith (D:14)
  17 demonic crawlers
  4 kobold demonologists
  A yaktaur (D:15)
  A tengu conjurer (D:13)
  9 trolls
  10 polar bears
  A meliai (shapeshifter) (D:15)
  A queen bee (D:8)
  22 jumping spiders
  8 hornets
  16 merfolk
  A spriggan zombie (D:15)
  3 wind drakes
  25 blink frogs
  8 slime creatures
  5 snapping turtles
  6 raiju (Lair:6)
  11 dream sheep
  An ice dragon zombie (D:15)
  11 hippogriffs
  2 shadows (D:14)
  A deep troll skeleton (D:15)
  59 redbacks
  A vampire (D:15)
  3 wraiths (D:12)
  41 yaks
  35 tarantellas
  3 wyverns
  6 basilisks
  4 water elementals
  Grum (D:10)
  4 hungry ghosts
  A redback simulacrum (D:15)
  7 wargs
  2 acid dragons (D:14)
  11 hell hounds (Lair:6)
  8 water moccasins
  A soldier ant (D:14)
  4 porcupines
  A sky beast (D:12)
  13 black bears
  10 orc warriors
  6 ice beasts
  2 eyes of draining
  27 ogres
  4 phantoms
  An eye of draining (shapeshifter) (D:14)
  22 wolves
  24 centaurs
  11 crocodiles
  5 big kobolds
  13 bullfrogs
  2 wyvern zombies
  2 earth elementals (Elf:1)
  A wyvern skeleton (D:14)
  3 scorpions
  40 killer bees
  4 wights (D:11)
  4 howler monkeys
  3 electric eels
  2 crimson imps
  2 bullfrog zombies
  6 hounds
  5 jellies
  A quasit (D:6)
  A gnoll shaman (Orc:2)
  17 orc priests
  17 orc wizards
  3 bullfrog skeletons
  5 iguanas
  14 hell rats (Lair:5)
  9 worker ants
  A killer bee zombie (D:7)
  A hound zombie (D:8)
  2 hound skeletons
  Robin (D:3)
  2 worker ant zombies
  12 gnolls
  A howler monkey skeleton (D:4)
  14 adders
  3 shadow imps
  2 oozes
  An adder skeleton (D:7)
  2 adder zombies
  3 worms
  5 dart slugs
  3 leopard geckos
  48 orcs
  4 bats
  A bat zombie (D:5)
  8 giant cockroaches
  23 goblins
  9 hobgoblins
  15 jackals
  16 kobolds
  5 quokkas
  2 ball pythons
  7 frilled lizards
  A leopard gecko skeleton (D:7)
  A quokka skeleton (D:9)
  8 rats
  2 rat zombies (D:5)
  2 fungi
  7 plants
  2 tentacles (Shoals:1)
1144 creatures vanquished.

Vanquished Creatures (collateral kills)
  Rupert (Lair:5)
  An entropy weaver (Spider:4)
  Snorg (D:10)
  A demonic crawler (Spider:4)
  2 redbacks (Spider:4)
  A basilisk (Lair:6)
  An eye of draining (Lair:5)
  2 worker ants
  An orc (D:10)
11 creatures vanquished.

Vanquished Creatures (others)
  A jumping spider (Spider:3)
  A yak (D:13)
  2 orcs
  A bush (Lair:6)
  7 fungi
  25 plants
  12 tentacles (Shoals:1)
49 creatures vanquished.

Grand Total: 1204 creatures vanquished

Notes
Turn   | Place    | Note
-------+----------+-------------------------------------------
     0 | D:1      | mopl the Minotaur Transmuter began the quest for the Orb.
     0 | D:1      | Reached XP level 1. HP: 16/16 MP: 1/1
   175 | D:1      | Reached XP level 2. HP: 13/23 MP: 0/3
   207 | D:1      | Learned a level 2 spell: Sticks to Snakes
   647 | D:1      | Reached skill level 2 in Transmutations
   980 | D:2      | Reached XP level 3. HP: 23/28 MP: 0/4
  1199 | D:2      | Reached skill level 4 in Unarmed Combat
  1199 | D:2      | Reached skill level 2 in Spellcasting
  1204 | D:2      | Learned a level 3 spell: Spider Form
  1642 | D:2      | Reached XP level 4. HP: 35/35 MP: 2/6
  1873 | D:2      | Reached skill level 1 in Poison Magic
  1876 | D:2      | Found a snail-covered altar of Cheibriados.
  1891 | D:2      | Became a worshipper of Cheibriados the Contemplative
  2298 | D:3      | Reached XP level 5. HP: 40/40 MP: 0/7
  2311 | D:3      | Found an iron altar of Okawaru.
  2379 | D:3      | Noticed Robin
  2390 | D:3      | Killed Robin
  2392 | D:3      | Reached * piety under Cheibriados
  2402 | D:2      | Reached skill level 1 in Invocations
  2503 | D:3      | Reached skill level 1 in Throwing
  2529 | D:3      | Reached skill level 3 in Transmutations
  2752 | D:3      | Reached ** piety under Cheibriados
  3236 | D:4      | Reached XP level 6. HP: 47/47 MP: 8/8
  3413 | D:4      | Reached skill level 5 in Unarmed Combat
  3413 | D:4      | Reached skill level 2 in Invocations
  3427 | D:4      | Reached skill level 2 in Throwing
  3667 | D:4      | Got a spiked helmet
  3715 | D:4      | Reached XP level 7. HP: 52/52 MP: 5/9
  3770 | D:4      | Found a glowing silver altar of Zin.
  3770 | D:4      | Found an opulent altar of Gozag.
  4047 | D:5      | Entered Level 5 of the Dungeon
  4179 | D:5      | Reached *** piety under Cheibriados
  4477 | D:5      | Found an ancient bone altar of Kikubaaqudgha.
  4780 | D:5      | Learned a level 4 spell: Ice Form
  4890 | D:6      | Found a staircase to the Ecumenical Temple.
  4896 | D:6      | Reached skill level 3 in Throwing
  4896 | D:6      | Reached skill level 3 in Invocations
  4907 | D:6      | Reached skill level 4 in Transmutations
  4994 | D:6      | Reached skill level 6 in Unarmed Combat
  4994 | D:6      | Reached skill level 1 in Ice Magic
  5262 | D:6      | Reached XP level 8. HP: 48/59 MP: 6/10
  5701 | D:7      | Found a shattered altar of Ashenzari.
  5848 | D:7      | Reached skill level 4 in Invocations
  5980 | D:7      | Reached skill level 3 in Dodging
  5984 | D:7      | Reached **** piety under Cheibriados
  5988 | D:7      | Reached skill level 2 in Ice Magic
  6000 | D:7      | Found Donlicra's Weapon Emporium.
  6366 | D:7      | Reached skill level 4 in Dodging
  6366 | D:7      | Reached skill level 7 in Unarmed Combat
  6366 | D:7      | Reached skill level 5 in Transmutations
  6609 | D:8      | Reached skill level 5 in Invocations
  6611 | D:8      | Reached XP level 9. HP: 64/64 MP: 1/11
  6629 | D:8      | Noticed a queen bee
  6645 | D:8      | Killed a queen bee
  6647 | D:8      | Reached skill level 5 in Dodging
  6991 | D:8      | Reached ***** piety under Cheibriados
  7242 | D:8      | Noticed Harold
  7271 | D:8      | Killed Harold
  7271 | D:8      | Reached skill level 6 in Dodging
  7271 | D:8      | Reached skill level 8 in Unarmed Combat
  7271 | D:8      | Reached skill level 6 in Transmutations
  7271 | D:8      | Reached skill level 6 in Invocations
  7628 | D:8      | Found an ornate altar of the Wu Jian Council.
  7845 | D:9      | Reached XP level 10. HP: 71/71 MP: 9/13
  7865 | D:9      | Noticed a two-headed ogre
  8084 | D:9      | Found a glowing golden altar of the Shining One.
  8590 | D:9      | Killed a two-headed ogre
  8590 | D:9      | Reached skill level 7 in Dodging
  8590 | D:9      | Reached skill level 9 in Unarmed Combat
  8590 | D:9      | Reached skill level 7 in Invocations
  8672 | D:10     | Entered Level 10 of the Dungeon
  8777 | D:10     | Noticed Grum
  8777 | D:10     | Noticed Sonja
  8784 | D:10     | Killed Sonja
  8786 | D:10     | Killed Grum
  8841 | D:10     | Noticed Erolcha
  8852 | D:10     | Killed Erolcha
  8852 | D:10     | Reached skill level 4 in Throwing
  8852 | D:10     | Reached skill level 7 in Transmutations
  9181 | D:10     | Noticed Snorg
  9193 | D:10     | Killed Snorg
  9291 | D:10     | Noticed Joseph
  9300 | D:10     | Noticed a centaur warrior
  9304 | D:10     | Found a staircase to the Orcish Mines.
  9334 | D:10     | Reached XP level 11. HP: 77/77 MP: 2/15
  9338 | D:10     | Reached skill level 8 in Dodging
  9339 | D:10     | Reached skill level 8 in Invocations
  9342 | D:10     | Killed a centaur warrior
  9349 | D:10     | Killed Joseph
  9349 | D:10     | Reached skill level 10 in Unarmed Combat
  9482 | D:10     | Learned a level 5 spell: Blade Hands
  9673 | D:10     | Reached skill level 5 in Throwing
  9945 | D:11     | Noticed a centaur warrior
 10095 | D:11     | Reached skill level 3 in Spellcasting
 10351 | D:11     | Reached skill level 2 in Fighting
 10412 | D:11     | Found a staircase to the Lair.
 10498 | D:11     | Reached skill level 9 in Dodging
 10501 | D:11     | Reached skill level 3 in Fighting
 10514 | D:11     | Reached ****** piety under Cheibriados
 10574 | D:11     | Reached skill level 6 in Throwing
 10621 | D:11     | Noticed Maurice
 10628 | D:11     | Killed Maurice
 10628 | D:11     | Reached skill level 9 in Invocations
 10920 | D:11     | Killed a centaur warrior
 10944 | D:11     | Reached skill level 4 in Fighting
 11014 | Lair:1   | Entered Level 1 of the Lair of Beasts
 11053 | Lair:1   | Reached XP level 12. HP: 84/91 MP: 14/17
 11608 | Lair:1   | Learned a level 2 spell: Passwall
 11622 | Lair:2   | Reached skill level 1 in Stealth
 11647 | Lair:2   | Found a bloodstained altar of Trog.
 11699 | Lair:2   | Reached skill level 11 in Unarmed Combat
 11875 | Lair:2   | Noticed Gastronok
 11881 | Lair:2   | Killed Gastronok
 11881 | Lair:2   | Reached skill level 5 in Fighting
 11881 | Lair:2   | Reached skill level 2 in Stealth
 12344 | Lair:2   | Reached skill level 7 in Throwing
 12913 | Lair:3   | Reached skill level 10 in Dodging
 13159 | Lair:3   | Reached skill level 1 in Armour
 13405 | Lair:3   | Noticed a five-headed hydra
 13411 | Lair:3   | Killed a five-headed hydra
 13411 | Lair:3   | Reached skill level 6 in Fighting
 13475 | Lair:3   | Reached skill level 3 in Stealth
 13523 | Lair:3   | Reached skill level 2 in Armour
 13852 | Lair:4   | Got a twisted robe
 13867 | Lair:4   | Reached skill level 10 in Invocations
 13868 | Lair:4   | Found a staircase to the Shoals.
 13887 | Lair:4   | HP: 5/116 [poisoned by a black mamba]
 13892 | Lair:4   | HP: 4/116 [poisoned by a black mamba]
 13898 | Lair:4   | HP: 4/116 [poisoned by a black mamba]
 13999 | Lair:3   | Identified the +1 robe of the Old World {Str+3 Dex+2} (You
                  | found it on level 4 of the Lair of Beasts)
 14130 | Lair:4   | Found a snail-covered altar of Cheibriados.
 14159 | Lair:4   | Reached skill level 3 in Armour
 14165 | Lair:4   | Reached XP level 13. HP: 66/104 MP: 16/19
 14446 | Lair:4   | Found a hole to the Spider Nest.
 14624 | Lair:5   | Reached skill level 7 in Fighting
 14713 | Lair:5   | Reached skill level 4 in Stealth
 14716 | Lair:5   | Reached skill level 8 in Throwing
 14802 | Lair:5   | Reached skill level 4 in Armour
 14814 | Lair:5   | Reached skill level 12 in Unarmed Combat
 14960 | Lair:5   | Found a runed translucent gate.
 14961 | Lair:5   | Found a runed translucent gate.
 14962 | Lair:5   | Found a runed translucent gate.
 14964 | Lair:5   | Noticed Lanoc's ghost (journeyman TrBe)
 14989 | Lair:5   | Reached skill level 5 in Armour
 15064 | Lair:5   | Noticed Rupert
 15078 | Lair:5   | Killed Rupert
 15264 | Lair:5   | Found a staircase to the Slime Pits.
 15542 | Lair:6   | Entered Level 6 of the Lair of Beasts
 15592 | Lair:6   | Reached skill level 8 in Fighting
 15594 | Lair:6   | Reached skill level 5 in Stealth
 15714 | Lair:6   | Found a deep blue altar of Sif Muna.
 15894 | Lair:6   | Reached skill level 11 in Invocations
 15895 | Lair:6   | Reached skill level 9 in Throwing
 15895 | Lair:6   | Reached skill level 1 in Evocations
 15994 | Lair:6   | Reached XP level 14. HP: 116/116 MP: 17/21
 16000 | Lair:6   | Found a hide-covered altar of Uskayaw.
 16290 | Lair:6   | Identified a scroll of acquirement
 16380 | Lair:6   | Reached skill level 2 in Evocations
 16384 | Lair:6   | Reached skill level 9 in Fighting
 16901 | Lair:6   | Reached skill level 1 in Shields
 17283 | Lair:6   | Reached skill level 11 in Dodging
 17283 | Lair:6   | Reached skill level 2 in Shields
 17297 | Lair:6   | Reached skill level 3 in Evocations
 17551 | Lair:6   | Reached skill level 13 in Unarmed Combat
 18124 | Orc:1    | Entered Level 1 of the Orcish Mines
 18367 | Orc:1    | Found a roughly hewn altar of Beogh.
 18373 | Orc:1    | Reached skill level 3 in Shields
 18438 | Orc:2    | Entered Level 2 of the Orcish Mines
 18475 | Orc:2    | Found Fasyjan's General Store.
 18491 | Orc:2    | Noticed an orc warlord
 18601 | Orc:2    | Found a staircase to the Elven Halls.
 18912 | Orc:2    | Reached skill level 10 in Fighting
 18912 | Orc:2    | Reached skill level 4 in Evocations
 18921 | Orc:2    | Killed an orc warlord
 18921 | Orc:2    | Reached skill level 4 in Shields
 18953 | Orc:2    | Reached skill level 10 in Throwing
 18977 | Orc:2    | Reached XP level 15. HP: 108/126 MP: 9/22
 19356 | Orc:2    | Bought a potion of degeneration for 15 gold pieces
 19356 | Orc:2    | Bought a potion of cancellation for 120 gold pieces
 19356 | Orc:2    | Bought a scroll of identify for 30 gold pieces
 19356 | Orc:2    | Bought a scroll of amnesia for 52 gold pieces
 19519 | Orc:2    | Found Zuvoept's Assorted Antiques.
 19526 | Orc:2    | Found Ecog's Food Shop.
 19527 | Orc:2    | Found Mitza's Jewellery Shoppe.
 19562 | Orc:2    | Bought a scroll labeled YKECKU YNUI for 31 gold pieces
 19562 | Orc:2    | Bought a scroll labeled OMEHIU XIOTWI for 31 gold pieces
 19562 | Orc:2    | Bought 2 scrolls labeled KALAERPHOIR for 62 gold pieces
 19562 | Orc:2    | Bought a scroll labeled BURAELO GESMI for 31 gold pieces
 19562 | Orc:2    | Bought a scroll labeled ASSUJE AF POI for 31 gold pieces
 19564 | Orc:2    | Found Ludutt's Antique Weapon Boutique.
 19789 | D:12     | Noticed Josephine
 19995 | D:12     | Found a runed translucent gate.
 19995 | D:12     | Found a runed translucent gate.
 19995 | D:12     | Noticed Chiseanne's ghost (novice DDSu)
 19997 | D:12     | Found a runed translucent gate.
 20001 | D:12     | Found Hakhlepp's General Store.
 20010 | D:12     | Bought a scroll of identify for 22 gold pieces
 20106 | D:12     | Killed Josephine
 20106 | D:12     | Reached skill level 12 in Invocations
 20505 | D:13     | Reached skill level 5 in Evocations
 20983 | D:14     | Reached skill level 12 in Dodging
 21015 | D:14     | Learned a level 3 spell: Portal Projectile
 21253 | D:14     | Reached skill level 11 in Fighting
 21446 | D:14     | Found a gate to the Vaults.
 21666 | D:14     | Reached skill level 14 in Unarmed Combat
 21722 | D:14     | Found Pyto Pen's Distillery.
 21739 | D:14     | Bought a potion of mutation for 128 gold pieces
 21739 | D:14     | Bought a potion of heal wounds for 80 gold pieces
 21739 | D:14     | Bought 2 potions of heal wounds for 160 gold pieces
 21739 | D:14     | Bought a potion of curing for 48 gold pieces
 21739 | D:14     | Bought a potion of magic for 128 gold pieces
 21739 | D:14     | Bought a potion of magic for 128 gold pieces
 22192 | D:15     | Entered Level 15 of the Dungeon
 22222 | D:15     | Reached skill level 11 in Throwing
 22349 | D:15     | Reached XP level 16. HP: 86/138 MP: 22/24
 22591 | D:15     | Found a staircase to the Depths.
 22625 | D:15     | Reached skill level 4 in Spellcasting
 22797 | D:15     | Found a sacrificial altar of Ru.
 23160 | Orc:2    | Bought the ring of the Queen {+Fly rC+ rN+} for 497 gold
                  | pieces
 23192 | Elf:1    | Entered Level 1 of the Elven Halls
 23457 | Spider:1 | Entered Level 1 of the Spider Nest
 24069 | Spider:2 | Reached skill level 12 in Fighting
 24085 | Spider:2 | Noticed Louise
 24126 | Spider:2 | Killed Louise
 24262 | Spider:2 | Reached skill level 13 in Dodging
 24266 | Spider:2 | Reached skill level 13 in Invocations
 24812 | Spider:3 | Reached skill level 8 in Transmutations
 25441 | Spider:3 | Reached skill level 12 in Throwing
 25757 | Spider:4 | Entered Level 4 of the Spider Nest
 25771 | Spider:3 | Reached XP level 17. HP: 105/148 MP: 25/25
 25941 | Spider:4 | Reached skill level 15 in Unarmed Combat
 26147 | Spider:4 | Noticed Arachne
 26166 | Spider:4 | HP: 6/148 [Arachne/bolt of poison (26)]
 26181 | Spider:4 | Reached skill level 13 in Fighting
 26352 | Spider:4 | Got a brightly glowing hat
 26363 | Spider:4 | Identified the +2 hat of the Will of the Gods {rPois Str+4}
                  | (You acquired it on level 4 of the Spider Nest)
 26527 | Spider:4 | Killed Arachne
 26527 | Spider:4 | Reached skill level 6 in Stealth
 26527 | Spider:4 | Reached skill level 6 in Evocations
 27155 | Spider:4 | Got a gossamer rune of Zot
 27263 | Spider:4 | Reached skill level 14 in Dodging
 27669 | Shoals:1 | Entered Level 1 of the Shoals
 27727 | Shoals:1 | Noticed a kraken
 27791 | Shoals:1 | Killed a kraken
 27925 | Shoals:1 | Noticed Donald
 27944 | Shoals:1 | Killed Donald
 28144 | Shoals:1 | Found Kourphuawn's Island Escapes.
 28409 | Shoals:1 | Bought a scroll of blinking for 120 gold pieces
 28409 | Shoals:1 | Bought a scroll of teleportation for 48 gold pieces
 28409 | Shoals:1 | Bought a scroll of teleportation for 48 gold pieces
 28409 | Shoals:1 | Bought 3 scrolls of teleportation for 144 gold pieces
 28495 | Shoals:1 | Reached skill level 7 in Evocations
 28540 | Shoals:1 | Reached skill level 7 in Stealth
 28594 | Shoals:1 | Upgraded the game from 0.24-a0-355-gbe4061de67 to
                  | 0.24-a0-365-ga4d96b6e6e
 28910 | Shoals:2 | Reached skill level 5 in Shields
 29137 | Shoals:2 | Reached XP level 18. HP: 138/159 MP: 26/26
 29351 | Shoals:2 | Reached skill level 8 in Shields
 29351 | Shoals:2 | Reached XP level 19. HP: 166/166 MP: 27/27
 29352 | Shoals:2 | Reached skill level 10 in Shields
 29352 | Shoals:2 | Reached XP level 20. HP: 173/173 MP: 28/28
 29726 | Shoals:3 | Found Quudius's Armour Boutique.
 29770 | Shoals:3 | Reached skill level 13 in Throwing
 29774 | Shoals:3 | Reached skill level 14 in Fighting
 29994 | Shoals:3 | Found Hastocoa's Gadget Emporium.
 30158 | Shoals:3 | Found Uczikledwuu's Antique Armour Shop.
 30296 | Shoals:3 | Learned a level 5 spell: Irradiate
 30311 | Shoals:3 | Reached skill level 11 in Shields
 30350 | Shoals:4 | Entered Level 4 of the Shoals
 30449 | Shoals:4 | Noticed Mara
 30455 | Shoals:4 | Noticed mopl's illusion
 30476 | Shoals:4 | Killed from afar by Mara (illusionary)

Levels and vault maps discovered:
D:1:      minmay_arrival_stone_box, layout_rooms
D:2:      layout_loops_corners, kennysheep_slug_shrine
D:3:      layout_loops_ring, okawaru_gym_becter, first_ration, uniq_robin
D:4:      layout_loops_ring, grunt_temple_overflow_gold_and_silver,
          dk_noncrumbling_2
D:5:      layout_basic, lemuel_zombie_altar_kikubaaqudgha
D:6:      layout_gridville, minmay_temple_entry_mist
D:7:      layout_cave_pods, nicolae_ashenzari_panopticon, serial_shops,
          nicolae_shop_statue_plus
D:8:      layout_basic, nicolae_overflow_hidden_temple, david_nohive_1,
          uniq_harold
D:9:      layout_rooms, old_standard_altar
D:10:     layout_basic, orc_0_dummy, uniq_snorg, uniq_sonja, uniq_grum,
          uniq_joseph, uniq_erolcha
D:11:     layout_long_grid, david_lair_shrubbed, uniq_maurice
D:12:     layout_rooms, serial_shops, shop, gammafunk_ghost_necromancy,
          uniq_josephine
D:13:     layout_rooms
D:14:     minmay_swirls_squares, layout_irregular_city, david_vaults_4,
          serial_shops, shop, minivault_14, st_stairs_3
D:15:     gammafunk_depths_entry_grave, layout_irregular_city, basic_altar
Lair:1:   layout_roguey, infiniplex_staircase_pool_2
Lair:2:   layout_small_grid, basic_altar, grunt_megastairs_1, uniq_gastronok
Lair:3:   layout_cave_pods, nicolae_quartered_pool_little, st_stairs_8,
          patterned_corridor
Lair:4:   layout_misc_corridors, elwin_shoals_entry_stream, dummy_spider_entry,
          chequers_serial_rivers_marsh, kennysheep_snail_temple
Lair:5:   layout_concentric_octagons, minmay_slime_entry_eyes,
          ebering_ghost_rock_garden, st_stairs_6, minmay_stone_trees_medium,
          uniq_rupert
Lair:6:   hangedman_lair_caniforms_friends, layout_gridlike, basic_altar,
          lemuel_oklob_altar, minmay_lair_oklob_chamber
Shoals:1: layout_shoals, nicolae_island_escapes, uniq_donald
Shoals:2: layout_shoals
Shoals:3: layout_shoals, serial_shops, shop, nicolae_shop_trees,
          nicolae_shop_competitors_out_of_business, st_sunken_temple
Shoals:4: shoals_end_grunt_ice, layout_shoals, serial_shops, shop_coins,
          uniq_mara, uniq_bai_suzhen
Spider:1: layout_spider_delve
Spider:2: layout_spider_delve, uniq_louise
Spider:3: layout_spider_delve
Spider:4: johnstein_spider_rune_arachne_lair
Orc:1:    layout_caves, minmay_orc_temple_a
Orc:2:    st_orc_open, layout_caves, serial_shops, nicolae_shop_trees
Elf:1:    eino_elf_arrival_altar, layout_geoelf_octagon, serial_corexii_hall,
          chequers_hall_statues_corner_a, chequers_hall_statues_corner_a,
          kennysheep_underground_church

Skill      XL: |  1  2  3  4  5  6  7  8  9 10 11 12 13 14 15 16 17 18 19 20 |
---------------+-------------------------------------------------------------+-----
Transmutations | 2 3 4 5 6 7 8 |  8.0
Unarmed Combat | 4 5 6 7 8 9 10 11 12 13 14 15 | 15.8
Spellcasting   | 2 3 4 |  4.0
Poison Magic   | 1 |  1.0
Invocations    | 1 2 3 5 6 7 9 10 11 12 13 | 13.0
Throwing       | 1 2 3 4 6 7 9 10 11 12 13 | 13.1
Ice Magic      | 1 2 |  2.0
Dodging        | 4 6 7 9 10 11 12 13 14 | 14.1
Fighting       | 4 6 8 10 11 12 13 14 | 14.1
Stealth        | 3 5 7 |  7.5
Armour         | 3 5 |  5.0
Evocations     | 1 4 5 7 |  7.6
Shields        | 4 5 8 10 11 | 11.1

Action                   |  1- 3 |  4- 6 |  7- 9 | 10-12 | 13-15 | 16-18 | 19-21 || total
-------------------------+-------+-------+-------+-------+-------+-------+-------++-------
Melee: Unarmed           |    84 |   101 |   152 |   388 |   614 |   587 |   183 ||  2109
       Headbutt          |    12 |     1 |     1 |    35 |   136 |   183 |    69 ||   437
       Kick              |     9 |       |       |       |       |       |       ||     9
       Punch             |     1 |       |     3 |     6 |    36 |    32 |     2 ||    80
       Hunting sling     |       |       |       |       |     1 |     1 |       ||     2
 Fire: Hunting sling     |     4 |   159 |   131 |   187 |   646 |   359 |       ||  1486
Throw: Stone             |     2 |       |       |       |       |       |       ||     2
       Dart              |       |       |     7 |     9 |     3 |    48 |     4 ||    71
       Boomerang         |       |       |       |       |       |       |    20 ||    20
 Cast: Beastly Appendage |    19 |       |       |       |       |       |       ||    19
       Sticks to Snakes  |     2 |       |     4 |    18 |    10 |    12 |       ||    46
       Spider Form       |     1 |    16 |    13 |    28 |    23 |       |       ||    81
       Ice Form          |       |       |     5 |    13 |    11 |       |       ||    29
       Blade Hands       |       |       |       |     5 |    54 |    64 |     1 ||   124
Invok: Slouch            |       |       |     1 |    11 |    16 |     7 |     6 ||    41
       Temporal Distorti |       |       |       |       |     1 |       |       ||     1
       Step From Time    |       |       |       |       |       |     2 |       ||     2
 Abil: End Transformatio |       |       |     5 |    21 |    27 |    14 |       ||    67
       Evoke Invisibilit |       |       |       |       |     1 |     3 |       ||     4
       Evoke Flight      |       |       |       |       |       |     7 |     4 ||    11
       Stop Flying       |       |       |       |       |       |     2 |       ||     2
Evoke: Wand              |       |       |     2 |     9 |     1 |    11 |       ||    23
       Phantom mirror    |       |       |       |       |     1 |       |       ||     1
  Use: Scroll            |       |     6 |     3 |     5 |    18 |     9 |       ||    41
       Potion            |       |       |     3 |     3 |     2 |     4 |     2 ||    14
 Stab: Sleeping          |     1 |     1 |       |       |       |     6 |       ||     8
       Distracted        |       |       |       |     1 |     2 |     1 |       ||     4
       Confused          |       |       |       |     2 |       |       |       ||     2
       Invisible         |       |       |       |       |     4 |     8 |       ||    12
       Paralysed         |       |       |       |       |       |     2 |       ||     2
       Held in net/web   |       |       |       |       |       |     1 |       ||     1
  Eat: Chunk             |     3 |     7 |    19 |    33 |    72 |    19 |     3 ||   156
       Ration            |       |       |       |       |       |     6 |       ||     6
Armor: Robe              |    10 |     7 |     4 |     2 |       |       |       ||    23
       Skin              |       |     4 |    72 |    30 |     5 |       |       ||   111
       Troll leather arm |       |       |       |    24 |    79 |   112 |    21 ||   236
Dodge: Dodged            |    42 |   116 |   118 |   354 |   754 |   900 |   147 ||  2431
Block: Buckler           |       |       |       |       |    41 |    49 |       ||    90
       Shield            |       |       |       |       |       |   135 |   124 ||   259
       Reflection        |       |       |       |       |       |    16 |    19 ||    35

Table legend:
 A = Non-vault XP
 B = Vault XP
 C = Vault XP percentage of total XP
 D = Non-vault monster count
 E = Vault monster count
 F = Vault count percentage of total count
                 A         B        C        D         E       F
            +---------+---------+-------+---------+---------+-------
      Total |  217686 |  102279 |  32.0 |     892 |     254 |  22.2
            +---------+---------+-------+---------+---------+-------
        D:1 |      31 |       0 |   0.0 |      18 |       0 |   0.0
        D:2 |     157 |      10 |   6.0 |      29 |       4 |  12.1
        D:3 |     144 |      30 |  17.2 |      37 |       8 |  17.8
        D:4 |     542 |       0 |   0.0 |      19 |       0 |   0.0
        D:5 |      27 |       4 |  12.9 |       6 |       3 |  33.3
        D:6 |     502 |       0 |   0.0 |      11 |       0 |   0.0
        D:7 |    1135 |       0 |   0.0 |      21 |       0 |   0.0
        D:8 |     543 |    2222 |  80.4 |      16 |      17 |  51.5
        D:9 |    2189 |       0 |   0.0 |      33 |       0 |   0.0
       D:10 |    3793 |    3205 |  45.8 |      43 |       7 |  14.0
       D:11 |    6482 |     829 |  11.3 |      57 |       2 |   3.4
       D:12 |    6884 |    1707 |  19.9 |      34 |       4 |  10.5
       D:13 |    7699 |       0 |   0.0 |      30 |       0 |   0.0
       D:14 |    9472 |   14011 |  59.7 |      31 |      25 |  44.6
       D:15 |   10763 |    3212 |  23.0 |      37 |       7 |  15.9
     Lair:1 |    1924 |       0 |   0.0 |       9 |       0 |   0.0
     Lair:2 |    3941 |    2297 |  36.8 |      21 |       1 |   4.5
     Lair:3 |    3942 |       0 |   0.0 |      14 |       0 |   0.0
     Lair:4 |    4657 |    3044 |  39.5 |      19 |       8 |  29.6
     Lair:5 |   10848 |    2128 |  16.4 |      36 |       4 |  10.0
     Lair:6 |   18709 |   14002 |  42.8 |      57 |      61 |  51.7
   Shoals:1 |   18849 |    1963 |   9.4 |      34 |       1 |   2.9
   Shoals:2 |   12882 |       0 |   0.0 |      23 |       0 |   0.0
   Shoals:3 |   17471 |    1856 |   9.6 |      37 |       2 |   5.1
   Shoals:4 |    3905 |     736 |  15.9 |       7 |       2 |  22.2
   Spider:1 |   10904 |       0 |   0.0 |      32 |       0 |   0.0
   Spider:2 |   14155 |    1276 |   8.3 |      37 |       1 |   2.6
   Spider:3 |   25068 |       0 |   0.0 |      66 |       0 |   0.0
   Spider:4 |   14815 |   32957 |  69.0 |      36 |      49 |  57.6
      Orc:1 |    1042 |     138 |  11.7 |      11 |       7 |  38.9
      Orc:2 |    3685 |   15361 |  80.7 |      30 |      37 |  55.2
      Elf:1 |     526 |    1291 |  71.1 |       1 |       4 |  80.0
            +---------+---------+-------+---------+---------+-------
